AoeStats
← JosephFasterconquer

Arabia

510718409Analyzed
1v1 RM · 14h ago on Oct 2, 2026· 20m 18s· 2 players
Game mode
Random Map
Map size
Tiny (2 player)
Population
200
Speed
Normal
Resources
Standard
Victory
Conquest
Starting age
Dark Age
Ending age
Imperial Age
RankedLock teamsTeams togetherTeam positionsShared explorationLock speedFull tech treeHidden civsTurbo modeCheats
Victory
Defeat
🇫🇷 Varangians · France
1066
+14
🇲🇽 Wu · Mexico
1023
-14
JosephFasterconquer
7:36 Loom
11:46 Feudal Age
16:30 Castle Age
16:00 Double-Bit Axe
16:01 Horse Collar
17:21 Scale Mail Armor
18:25 Forging
19:35 Squires
kekw
10:18 Feudal Age
14:29 Castle Age
14:23 Double-Bit Axe
15:01 Forging
19:07 Scale Mail Armor
19:09 Gambesons
Connection lost

Rejoining the realm…

Still unreachable

The connection could not be restored.

Session expired

The server has moved on; the page needs a fresh start.